 Dungeon Crawl Stone Soup version 0.31-a0-149-g3fdcc5976a (webtiles) character file.

Game seed: 11637315730550097529

37 qw the Shooter (level 3, 0/31 HPs)
             Began as a Minotaur Hunter on June 7, 2023.
             Slain by a gnoll
             ... wielding a +2 vampiric falchion
              (2 damage)
             ... on level 2 of the Dungeon.
             The game lasted 00:00:16 (764 turns).

qw the Shooter (Minotaur Hunter)                     Turns: 764, Time: 00:00:17

Health: 0/31       AC:  5    Str: 15    XL:     3   Next: 21%
Magic:  2/2        EV: 11    Int:  6    God:
Gold:   50         SH:  0    Dex: 15    Spells: 2/2 levels left

rFire   . . .        Y - +0 shortbow
rCold   . . .        (shield currently unavailable)
rNeg    . . .        i - +0 ring mail
rPois   .            (helmet restricted)
rElec   .            (no cloak)
rCorr   .            (no gloves)
SInv    .            (no boots)
Will    .....        (no amulet)
Stlth   +            (no ring)
HPRegen 0.25/turn    (no ring)
MPRegen 0.08/turn

%: no passive effects
@: no status effects
A: horns 2, retaliatory headbutt
a: no special abilities


You were on level 2 of the Dungeon.
You visited 1 branch of the dungeon, and saw 2 of its levels.

You collected 50 gold pieces.


Innate Abilities, Weirdness & Mutations

You have a pair of horns on your head.
You reflexively headbutt those who attack you in melee.


   Skills:
 - Level 3.1 Fighting
 + Level 5.0 Ranged Weapons
 - Level 1.4 Armour
 - Level 2.1 Dodging
 - Level 0.7 Stealth


You had 2 spell levels left.
You didn't know any spells.
Your spell library was empty.

Inventory:

Hand Weapons
 Y - a +0 shortbow (weapon)
Armour
 i - a +0 ring mail (worn)
Potions
 a - a potion of magic {unknown}
 f - a potion of curing {unknown}

Dungeon Overview and Level Annotations

Branches:
Dungeon (2/15)

Altars:

Shops:
D:1 [


Message History

You shoot an arrow. The arrow hits the gnoll!
The gnoll is severely wounded.
You shoot an arrow. The arrow hits the gnoll.
You kill the gnoll!
A gnoll comes into view. It is wielding a +0 flail.
The goblin throws a stone.
The stone closely misses you.
Your Fighting skill increases to level 3!
You have reached level 3!
Your experience leads to an increase in your attributes!
Increase (S)trength, (I)ntelligence, or (D)exterity?
You feel agile. x2
You shoot an arrow. The arrow hits the goblin.
You kill the goblin!
You shoot an arrow. The arrow closely misses the quokka.
You shoot an arrow.
The arrow hits the quokka but does no damage.
The quokka misses you.
You shoot an arrow. The arrow closely misses the quokka.
The arrow closely misses the gnoll.
The quokka bites you. The quokka closely misses you.
You shoot an arrow. The arrow hits the quokka!
You kill the quokka!
You shoot an arrow. The arrow closely misses the gnoll. x2
You shoot an arrow. The arrow hits the gnoll.
The gnoll is moderately wounded.
The gnoll hits you with a +0 flail.
The gnoll hits you with a +2 vampiric falchion.
The gnoll completely misses you.
The gnoll hits you with a +2 vampiric falchion!
You shoot an arrow. The arrow barely misses the gnoll.
The gnoll hits you with a +0 flail. The gnoll completely misses you.
You shoot an arrow. The arrow hits the gnoll.
The gnoll is heavily wounded.
The gnoll hits you with a +0 flail! The gnoll misses you.
You shoot an arrow.
The arrow hits the gnoll but does no damage.
The gnoll is heavily wounded.
The gnoll hits you with a +0 flail.
The gnoll hits you with a +2 vampiric falchion.
You die...

#### #<.#
########..#
#......#..###
#.#.........#
#.#.##....#+#
#.#.#####....#
#####.#.#........#
#....@g...# ....#
#.#.#g#.### ....#
#.)...:. ....#
#)#.#.### .#.##
..#.#.# .. #.# #
).. #.# ... #.#


You could see 2 gnolls.

Vanquished Creatures
  2 gnolls (D:2)
  2 endoplasms (D:1)
  2 goblins
  2 hobgoblins (D:1)
  2 jackals (D:1)
  A kobold (D:1)
  2 quokkas
  2 bats (D:1)
  A frilled lizard (D:1)
16 creatures vanquished.

Notes
Turn   | Place    | Note
-------+----------+-------------------------------------------
     0 | D:1      | qw the Minotaur Hunter began the quest for the Orb.
     0 | D:1      | Reached XP level 1. HP: 18/18 MP: 0/0
     0 | D:1      | 0 ||| qw: Version: 0.2-a-117-gc6b5c8b
     0 | D:1      | 0 ||| qw: Game counter: 2593
     0 | D:1      | 0 ||| qw: Always use a shield: true
     0 | D:1      | 0 ||| qw: God list: Okawaru
     0 | D:1      | 0 ||| qw: Allow faded altars: false
     0 | D:1      | 0 ||| qw: Do Orc after D:15 true
     0 | D:1      | 0 ||| qw: Do second Lair branch before Depths: true
     0 | D:1      | 0 ||| qw: Lair rune preference: random
     0 | D:1      | 0 ||| qw: Plans: Normal
     0 | D:1      | 0 ||| PLANNING D:1-11
    38 | D:1      | Found Taadu's Antique Armour Shoppe.
    47 | D:1      | 47 ||| SHOPLISTING cloak (112 gold, have 0).
    47 | D:1      | 47 ||| SHOPLISTING ring mail (100 gold, have 0).
   152 | D:1      | Reached XP level 2. HP: 25/25 MP: 1/1
   416 | D:1      | Reached skill level 5 in Ranged Weapons
   655 | D:1      | 655 ||| UPGRADING to +0 ring mail.
   665 | D:1      | 665 ||| DROPPING +0 leather armour.
   666 | D:1      | 666 ||| READING scroll labelled YMOPNE JY JARGH.
   671 | D:1      | 671 ||| READING scroll labelled ICKEUBB BUURER.
   672 | D:1      | 672 ||| READING scroll labelled OSENIEKALY.
   673 | D:1      | 673 ||| READING scroll labelled NAELAIH AFIHEHY.
   719 | D:1      | 719 ||| READING scroll labelled LIMAYH NYOVOI.
   720 | D:1      | 720 ||| READING scroll labelled ISAWUW RAZU.
   721 | D:1      | 721 ||| DROPPING scroll of butterflies.
   752 | D:2      | Reached skill level 1 in Armour
   755 | D:2      | Reached skill level 3 in Fighting
   755 | D:2      | Reached XP level 3. HP: 31/31 MP: 2/2
   763 | D:2      | HP: 3/31 [gnoll/+0 flail (8)]
   764 | D:2      | Slain by a gnoll

Levels and vault maps discovered:
D:1:      eino_arrival_tree_alley, layout_loops_cross, serial_shops,
          nicolae_shop_tiny_statue_garden
D:2:      layout_basic, serial_shops, nicolae_shop_statue_plus,
          serial_bayou_ford_a, grunt_ministairs_8, st_stairs_12,
          minmay_hexomino_c4

Skill      XL: |  1  2 |
---------------+-------+-----
Ranged Weapons | 5 |  5.0
Armour         | 1 |  1.4
Fighting       | 3 |  3.1
Dodging        | |  2.1
Stealth        | |  0.7

Action                     || total
---------------------------++-------
   Fire: Shortbow          ||    58
    Use: Scroll            ||     6
 Armour: Leather armour    ||     9
  Dodge: Dodged            ||    22

Table legend:
 A = Non-vault XP
 B = Vault XP
 C = Vault XP percentage of total XP
 D = Non-vault monster count
 E = Vault monster count
 F = Vault count percentage of total count
                 A         B        C        D         E       F
            +---------+---------+-------+---------+---------+-------
      Total |      53 |       0 |   0.0 |      16 |       0 |   0.0
            +---------+---------+-------+---------+---------+-------
        D:1 |      21 |       0 |   0.0 |      12 |       0 |   0.0
        D:2 |      32 |       0 |   0.0 |       4 |       0 |   0.0
            +---------+---------+-------+---------+---------+-------
